 Dungeon Crawl Stone Soup version 0.25.0-10-g039870ee82 (webtiles) character file.

Game seed: 5202894839935580374

(classic levelgen) 11400 EnegeticOcto the Cleaver (level 11, -10/104 HPs)
             Began as a Deep Dwarf Fighter on June 23, 2020.
             Was an Elder of Makhleb.
             Mangled by a very large slime creature (17 damage)
             ... on level 12 of the Dungeon.
             The game lasted 00:05:20 (8136 turns).

EnegeticOcto the Cleaver (Deep Dwarf Fighter)       Turns: 8136, Time: 00:05:21

Health: -10/104    AC: 19    Str: 24    XL:     11   Next: 48%
Magic:  6/6        EV:  8    Int:  8    God:    Makhleb [****..]
Gold:   538        SH: 12    Dex: 12    Spells: 10/10 levels left

rFire    . . .     SeeInvis +   a - +0 war axe
rCold    . . .     Gourm    .   c - +1 kite shield
rNeg     . . .     Faith    .   u - +0 plate armour
rPois    .         Spirit   .   t - +2 helmet
rElec    .         Reflect  .   g - +0 cloak
rCorr    .         Harm     .   y - +0 pair of gloves
MR       +....                  (no boots)
Stlth    ..........             (no amulet)
HPRegen  0.00/turn              s - ring of flight
MPRegen  0.10/turn              w - ring of see invisible

@: non-regenerating
A: damage resistance, heal wounds, sense surroundings 2, no regeneration
a: Heal Wounds, Minor Destruction, Lesser Servant of Makhleb, Major Destruction,
Renounce Religion, Evoke Flight


You were on level 12 of the Dungeon.
You worshipped Makhleb.
Makhleb was greatly pleased with you.
You were not hungry.

You visited 2 branches of the dungeon, and saw 13 of its levels.
You also visited: Sewer.

You collected 538 gold pieces.

Inventory:

Hand Weapons
 a - a +0 war axe (weapon)
Missiles
 x - 2 throwing nets (quivered)
Armour
 c - a +1 kite shield (worn)
 g - a +0 cloak (worn)
 t - a +2 helmet (worn)
 u - a +0 plate armour (worn)
 y - a +0 pair of gloves (worn)
Jewellery
 s - a ring of flight (left hand)
 w - a ring of see invisible (right hand)
Wands
 q - a wand of digging (11) {@v3}
 r - a wand of disintegration (39)
Scrolls
 b - a scroll of identify {@r1}
 d - a scroll of enchant armour
 f - 3 scrolls of teleportation {@r3}
 m - 2 scrolls of fear
 p - 3 scrolls of remove curse {@r2}
 z - a scroll of summoning
 B - 2 scrolls of immolation {@r7}
 D - a scroll of fog
Potions
 h - 2 potions of ambrosia
 i - 3 potions of lignification {@q7}
 j - 4 potions of stabbing {@q5}
 k - 2 potions of might {@q3}
 l - 3 potions of flight
 n - 4 potions of haste {@q4}
 o - 5 potions of heal wounds {@q2}
 v - a potion of invisibility
 A - 3 potions of cancellation
Comestibles
 e - 25 rations
 C - 9 chunks of flesh


   Skills:
 * Level 8.8 Fighting
 * Level 10.1 Axes
 + Level 7.7 Armour
 + Level 7.0 Dodging
 + Level 7.8 Shields
 * Level 9.5 Invocations


You had 10 spell levels left.
You didn't know any spells.
Your spell library contained the following spells:

 Spells                   Type           Power        Failure   Level  Hunger
 Beastly Appendage        Tmut           #.....       100%        1    ##.....
 Magic Dart               Conj           #...         100%        1    ##.....
 Sting                    Tmut/Pois      #...         100%        1    ##.....
 Blink                    Tloc           N/A          100%        2    ###....
 Call Imp                 Summ           #.......     100%        2    ###....
 Poisonous Vapours        Pois/Air       #.....       100%        2    ###....
 Slow                     Hex            #.......     100%        2    ###....
 Sticks to Snakes         Tmut           #.......     100%        2    ###....
 Conjure Flame            Conj/Fire      #.......     100%        3    ####...
 Ignite Poison            Fire/Tmut/Pois #.......     100%        3    ####...
 Mephitic Cloud           Conj/Pois/Air  #.......     100%        3    ####...
 Spider Form              Tmut/Pois      #.........   100%        3    ####...
 Ice Form                 Ice/Tmut       #.......     100%        4    #####..
 Olgreb's Toxic Radiance  Pois           #.......     100%        4    #####..
 Blade Hands              Tmut           #.........   100%        5    ######.


Dungeon Overview and Level Annotations

Branches:
Dungeon (12/15)            Temple (1/1) D:6            Lair (0/6) D:8
    Orc (0/2) D:10          Sewer (visited)

Altars:
Ashenzari
Fedhas
Gozag
Hepliaklqana
Kikubaaqudgha
Makhleb
Okawaru
Ru
Sif Muna
Trog
Uskayaw
Wu Jian
Yredelemnul
Zin
The Shining One

Shops:
D:5 :   D:8 }   D:10 =

Annotations:
D:5 2 transporters


Innate Abilities, Weirdness & Mutations

You are resistant to damage.
You can heal yourself by infusing magical energy.
You passively map the area around you.
You do not regenerate.


Message History

You are too injured to fight recklessly!
You are too injured to fight recklessly!
You are too injured to fight recklessly!
You are too injured to fight recklessly!
You are too injured to fight recklessly!
You are too injured to fight recklessly!
You feel much better.
You block the troll's attack. x2; The troll claws you.
The very large slime creature hits you!!
* * * LOW HITPOINT WARNING * * *
The slime creature hits you but does no damage.
The large slime creature closely misses you.
You feel much better. You block the troll's attack. x3
The very large slime creature closely misses you.
The slime creature hits you but does no damage.
The large slime creature hits you!!
* * * LOW HITPOINT WARNING * * *
You feel much better. The troll bites you but does no damage.
The troll barely misses you. The troll claws you but does no damage.
You block the very large slime creature's attack.
The large slime creature hits you! The slime creature barely misses you.
You feel much better.
The orc wizard gestures wildly while chanting.
The orc wizard flickers and vanishes for a moment.
You block the troll's attack. The troll barely misses you.
The troll claws you but does no damage.
The very large slime creature hits you but does no damage.
The slime creature closely misses you. The large slime creature hits you!!
You feel much better. The troll bites you!
The troll claws you but does no damage. x2
The very large slime creature hits you!!!
* * * LOW HITPOINT WARNING * * *
The slime creature hits you.
* * * LOW HITPOINT WARNING * * *
You block the large slime creature's attack.
You hear an angry hiss.
You feel much better. The troll closely misses you.
You block the troll's attack. x2
The very large slime creature closely misses you.
The slime creature hits you.
The large slime creature barely misses you.
You feel much better.
You block the troll's attack. x2; The troll claws you.
The very large slime creature hits you!!!
You block the slime creature's attack. The large slime creature hits you.
* * * LOW HITPOINT WARNING * * *
You are too injured to fight recklessly!
You are too injured to fight recklessly!
You are too injured to fight recklessly!
You are too injured to fight recklessly!
You are too injured to fight recklessly!
You are too injured to fight recklessly!
You are too injured to fight recklessly!
You are too injured to fight recklessly!
You are too injured to fight recklessly!
You are too injured to fight recklessly!
You are too injured to fight recklessly!
You are too injured to fight recklessly!
You are too injured to fight recklessly!
You are too injured to fight recklessly!
You are too injured to fight recklessly!
You are too injured to fight recklessly!
You are too injured to fight recklessly!
You feel much better. The troll bites you but does no damage.
The troll claws you but does no damage. x2
The very large slime creature hits you.
An iguana comes into view.
The large slime creature hits you but does no damage.
You block the slime creature's attack.
You feel much better. You block the troll's attack. x3
The very large slime creature hits you!!!
The slime creature hits you but does no damage.
You block the large slime creature's attack.
You feel much better. The troll completely misses you.
The troll barely misses you. You block the troll's attack.
You block the very large slime creature's attack.
The slime creature hits you but does no damage.
The large slime creature hits you but does no damage.
Your plate armour prevents you from hitting the troll.
The troll is lightly wounded.
You slash the very large slime creature!
You slash the large slime creature!
You hit the slime creature but do no damage.
The troll bites you but does no damage. The troll claws you.
You block the troll's attack.
The very large slime creature barely misses you.
The slime creature closely misses you. The large slime creature hits you!!
You hit the troll but do no damage.
The troll is lightly wounded.
You hit the slime creature. You hit the large slime creature.
You hit the very large slime creature. The troll bites you but does no damage.
You block the troll's attack. x2; The very large slime creature hits you!
The large slime creature hits you!!
* * * LOW HITPOINT WARNING * * *
The slime creature hits you!
* * * LOW HITPOINT WARNING * * *
You closely miss the troll.
The troll is lightly wounded.
You hit the slime creature. You hit the large slime creature.
You hit the very large slime creature.
The very large slime creature hits you!!
You die...

, , #..#># ,....,, , *
#..#.########..... ,,
,#.####.o#.^............,
* * ,
........#..##..........
,,
#.#####.#..##.###...... *
* #.....#.#.# ..... , *
#....o.###.#*,.... , , ,
#...JJ#.#,## ### * ****
##.#J@##.# * *
#...T..l.... ,
#.#..#######, ,, * #.#...
, * , ,, ..##.## ** , ,
,* *#. #.# ,* , ,, , *
#.# * * * * * #.# * , *
*,** ,*,, , ,


You could see a very large slime creature, a large slime creature, a slime
creature, a troll, an iguana and an orc wizard (fast, invisible).

Vanquished Creatures
  A two-headed ogre (D:12)
  2 deep elf magi (D:10)
  An ugly thing (D:12)
  Psyche (D:8)
  A centaur zombie (D:11)
  A gargoyle (D:10)
  A komodo dragon (D:10)
  A troll (D:11)
  3 hippogriffs
  A wraith (D:11)
  A wyvern (D:9)
  Sigmund (D:3)
  Grum (D:10)
  A hungry ghost (D:7)
  A soldier ant (D:11)
  A water moccasin (D:8)
  Duvessa (D:7)
  A hornet zombie (D:8)
  A swamp drake (D:10)
  4 phantoms
  3 orc warriors (D:9)
  3 ice beasts
  4 sky beasts
  2 black bears (D:7)
  7 ogres
  4 wolves (D:10)
  2 centaurs
  2 big kobolds
  6 bullfrogs
  Dowan (D:7)
  A wyvern skeleton (D:9)
  3 scorpions
  10 wights
  4 howler monkeys
  17 killer bees
  10 crimson imps
  A bullfrog zombie (D:7)
  A quasit (D:5)
  6 hounds
  2 jellies
  2 orc priests
  A gnoll shaman (D:5)
  An iguana (D:6)
  A centaur skeleton (D:9)
  An iron imp (D:10)
  Jessica (D:3)
  3 bullfrog skeletons
  10 orc wizards
  8 worker ants
  A hound skeleton (D:6)
  2 worker ant zombies
  8 gnolls (D:5)
  A river rat (Sewer)
  10 adders
  4 shadow imps
  A white imp (D:10)
  2 oozes (D:3)
  3 adder skeletons (D:4)
  An adder zombie (D:8)
  A worm (D:3)
  2 dart slugs
  7 leopard geckos
  47 orcs
  6 giant cockroaches
  4 goblins
  5 hobgoblins
  16 jackals
  5 kobolds
  3 quokkas
  A ball python (D:6)
  3 bats
  2 frilled lizards (D:3)
  A leopard gecko zombie (D:6)
  2 quokka skeletons
  12 rats
293 creatures vanquished.

Vanquished Creatures (others)
  A wizard (D:5)
1 creature vanquished.

Grand Total: 294 creatures vanquished

Notes
Turn   | Place    | Note
-------+----------+-------------------------------------------
     0 | D:1      | EnegeticOcto the Deep Dwarf Fighter began the quest for the
                  | Orb.
     0 | D:1      | Reached XP level 1. HP: 20/20 MP: 1/1
    59 | D:1      | Reached XP level 2. HP: 20/27 MP: 2/2
   228 | D:2      | You fall into a shaft and drop 2 floors!
   236 | D:3      | Reached skill level 3 in Axes
   236 | D:3      | Reached XP level 3. HP: 18/34 MP: 3/3
   242 | D:3      | Reached skill level 1 in Dodging
   266 | D:3      | Reached XP level 4. HP: 38/42 MP: 4/4
   308 | D:3      | Found an iron altar of Okawaru.
   775 | D:2      | Found a sacrificial altar of Ru.
   795 | D:3      | Noticed Jessica
   815 | D:3      | Killed Jessica
   932 | D:3      | Noticed Sigmund
   967 | D:3      | Killed Sigmund
   967 | D:3      | Reached skill level 4 in Axes
   967 | D:3      | Reached XP level 5. HP: 32/50 MP: 4/4
   967 | D:3      | Reached XP level 6. HP: 37/57 MP: 5/5
  1032 | D:3      | Found a bloodstained altar of Trog.
  1970 | D:5      | Entered Level 5 of the Dungeon
  2010 | D:5      | Found Joelunwu's Book Shoppe.
  2073 | D:5      | Reached XP level 7. HP: 52/66 MP: 6/6
  2098 | D:5      | Reached skill level 5 in Axes
  2206 | D:5      | Found a transporter.
  2290 | D:5      | Found a bloodstained altar of Trog.
  2291 | D:5      | Noticed a wizard
  2296 | D:5      | Killed a wizard
  2322 | D:5      | Found a transporter.
  2332 | D:5      | Found an ornate altar of the Wu Jian Council.
  2362 | D:5      | Reached skill level 5 in Fighting
  2385 | D:5      | Reached skill level 5 in Shields
  2631 | D:5      | Reached skill level 5 in Armour
  2670 | D:5      | Reached XP level 8. HP: 60/74 MP: 6/6
  3032 | D:6      | Found a shattered altar of Ashenzari.
  3055 | D:6      | Found a hazy altar of Hepliaklqana.
  3099 | D:6      | Reached skill level 6 in Axes
  3149 | D:6      | Found a staircase to the Ecumenical Temple.
  3185 | Temple   | Entered the Ecumenical Temple
  3196 | Temple   | Became a worshipper of Makhleb the Destroyer
  3242 | D:6      | Found a glowing golden altar of the Shining One.
  3352 | D:6      | Found a glowing drain.
  3516 | Sewer    | Entered a sewer
  3582 | Sewer    | Reached skill level 1 in Invocations
  3599 | Sewer    | Found a white marble altar of Elyvilon.
  3826 | D:7      | Noticed Duvessa
  3827 | D:7      | Noticed Dowan
  3842 | D:7      | Killed Duvessa
  3847 | D:7      | Killed Dowan
  3998 | D:7      | Reached skill level 7 in Axes
  3998 | D:7      | Gained mutation: You passively map the area around you.
                  | [Deep Dwarf growth]
  3998 | D:7      | Reached XP level 9. HP: 51/82 MP: 8/8
  4000 | D:7      | Reached * piety under Makhleb
  4211 | D:7      | Found a basalt altar of Yredelemnul.
  4372 | D:7      | Found an opulent altar of Gozag.
  4876 | D:8      | Reached skill level 5 in Invocations
  4884 | D:8      | Reached skill level 5 in Dodging
  4972 | D:8      | Found a staircase to the Lair.
  5043 | D:8      | Found Qoteig's Gadget Emporium.
  5083 | D:8      | Noticed Psyche
  5103 | D:8      | Killed Psyche
  5112 | D:8      | Reached skill level 8 in Axes
  5506 | D:8      | Reached XP level 10. HP: 51/94 MP: 10/10
  5669 | D:9      | Reached ** piety under Makhleb
  6311 | D:9      | Found a shimmering blue altar of Sif Muna.
  6396 | D:10     | Entered Level 10 of the Dungeon
  6547 | D:10     | Reached skill level 9 in Axes
  6610 | D:10     | Reached *** piety under Makhleb
  6669 | D:10     | Noticed a deep elf mage
  6689 | D:10     | Killed a deep elf mage
  6694 | D:10     | Got a smoking hat
  6705 | D:10     | Identified the +0 hat "Hunuanai" {rC+} (You found it on
                  | level 10 of the Dungeon)
  6721 | D:10     | Noticed a deep elf mage
  6736 | D:10     | Killed a deep elf mage
  6825 | D:10     | Found a staircase to the Orcish Mines.
  6875 | D:10     | Noticed a gargoyle
  6901 | D:10     | Killed a gargoyle
  6901 | D:10     | Reached XP level 11. HP: 81/103 MP: 9/9
  6938 | D:10     | Found Ashras's Jewellery Shop.
  7032 | D:10     | Noticed Grum
  7071 | D:10     | Killed Grum
  7374 | D:11     | Reached **** piety under Makhleb
  8014 | D:12     | Noticed a purple ugly thing
  8016 | D:12     | Noticed a two-headed ogre
  8056 | D:12     | Killed a purple ugly thing
  8056 | D:12     | Reached skill level 10 in Axes
  8065 | D:12     | Killed a two-headed ogre
  8102 | D:12     | HP: 5/104 [very large slime creature (36)]
  8102 | D:12     | HP: 2/104 [slime creature (3)]
  8136 | D:12     | Mangled by a very large slime creature

Illustrated notes

Levels and vault maps discovered:
D:1:      dpeg_arrival_tiny_f, layout_rooms
D:2:      layout_loops_cross, nicolae_ru_path_of_blood
D:3:      layout_rooms, nicolae_overflow_crystal_walls,
          minmay_misc_feat_secret_circle, minmay_misc_feat_plants,
          okawaru_trees_2, uniq_sigmund, uniq_jessica
D:4:      layout_basic, first_ration, minmay_door_square, minmay_box_of_dots
D:5:      layout_basic, gammafunk_temple_overflow_arena, serial_shops,
          nicolae_shop_stone, trog_wizard
D:6:      layout_gridville, kennysheep_mini, ashenzari_altar_1, tso_metal_star,
          minmay_temple_entry_trees, portal_sewer_entry_d
D:7:      layout_layer_cave, grunt_gozag_statues, yredelemnul_altar_generic,
          grunt_ogre_cave, uniq_duvessa
D:8:      layout_loops_ring, lair_entry_dummy, serial_shops,
          nicolae_shop_statue_plus, uniq_psyche
D:9:      layout_roguey, marbit_many_paths, statue_in_the_mist_lemuel
D:10:     layout_irregular_city, orc_0_dummy, serial_shops,
          nicolae_shop_behind_doors, hangedman_decor_riveting,
          hangedman_minor_magic, uniq_grum
D:11:     layout_cave_pools, minmay_misc_feat_more_columns, minivault_26
D:12:     layout_loops_ring
Temple:   nicolae_temple_god_jail

Skill      XL: |  1  2  3  4  5  6  7  8  9 10 11 |
---------------+----------------------------------+-----
Fighting       | 3 4 5 6 7 8 |  8.8
Axes           | 3 4 5 7 8 9 10 | 10.1
Dodging        | 1 2 3 4 5 6 7 |  7.0
Armour         | 4 5 6 7 |  7.7
Shields        | 4 5 6 7 |  7.8
Invocations    | 3 6 8 9 |  9.5

Action                   |  1- 3 |  4- 6 |  7- 9 | 10-12 || total
-------------------------+-------+-------+-------+-------++-------
Melee: War axe           |    64 |   154 |   478 |   577 ||  1273
 Abil: Heal Wounds       |     1 |     7 |    11 |    36 ||    55
Evoke: Wand              |       |       |       |     4 ||     4
  Use: Scroll            |       |    10 |     5 |     7 ||    22
  Eat: Chunk             |       |     4 |     9 |     7 ||    20
       Ration            |       |       |     3 |       ||     3
Armor: Scale mail        |    41 |    39 |   273 |    21 ||   374
       Plate armour      |       |       |       |   373 ||   373
Dodge: Dodged            |    28 |    43 |   250 |   252 ||   573
Block: Kite shield       |    51 |    75 |   373 |   511 ||  1010
